 Dungeon Crawl Stone Soup version 0.17.2 (webtiles) character file.

37 ololoev the Chopper (level 3, -3/43 HPs)
             Began as a Demonspawn Berserker on June 9, 2016.
             Was a Follower of Trog.
             Slain by a gnoll
             ... wielding a +0 spear
              (4 damage)
             ... on level 2 of the Dungeon.
             The game lasted 00:00:53 (168 turns).

ololoev the Chopper (Demonspawn Berserker)           Turns: 168, Time: 00:00:54

Health: -3/43      AC:  3    Str: 23    XL:     3   Next: 23%
Magic:  3/3        EV: 12    Int:  8    God:    Trog [*.....]
Gold:   28         SH:  0    Dex: 12    Spells: 0 memorised, 2 levels left

rFire  . . .     SeeInvis .     a - +0 hand axe
rCold  . . .     Clarity  .     b - +0 animal skin
rNeg   . . .     SustAt   .     (no shield)
rPois  .         Gourm    .     (no helmet)
rElec  .         Spirit   .     (no cloak)
rCorr  .         Warding  .     (no gloves)
rMut   .         Stasis   .     (no boots)
MR     .....                    (no amulet)
Stlth  ..........               (no ring)
                                (no ring)

@: berserking (expiring), very quick, not resistant to hostile enchantments,
extremely unstealthy
A: molten scales 1
a: Berserk, Burn Spellbooks, Renounce Religion


Innate Abilities, Weirdness & Mutations

You are partially covered in molten scales (AC +1).

Inventory:

Hand Weapons
 a - a +0 hand axe (weapon)
Armour
 b - a +0 animal skin (worn)
Scrolls
 d - a scroll of amnesia {unknown}
 e - 2 scrolls of remove curse {unknown}
 f - a scroll of recharging {unknown}
Potions
 g - a potion of brilliance {unknown}
Comestibles
 c - a bread ration


   Skills:
 - Level 3.0 Fighting
 * Level 3.4 Axes
 + Level 2.5 Armour
 - Level 1.7 Dodging


You had 2 spell levels left.
You didn't know any spells.


You were on level 2 of the Dungeon.
You worshipped Trog.
Trog was aware of your devotion.
You were not hungry.

You visited 1 branch of the dungeon, and saw 2 of its levels.

You collected 28 gold pieces.

.....#......
.....#... .
....#(...#.#
.##......#.#.
...........
....g.#.#
#.#).#.# #
#..@..%#
#.#..))..#
..#.#......# ..
.......$...##..
..#.#.#.##.....
#.#.#........ .
#.......... ##
#..........
####.##.........

Notes
Turn   | Place    | Note
--------------------------------------------------------------
     0 | D:1      | ololoev the Demonspawn Berserker began the quest for the Orb.
     0 | D:1      | Reached XP level 1. HP: 18/18 MP: 1/1
   154 | D:2      | Gained mutation: You are partially covered in molten scales (AC +1). [demonic ancestry]
   154 | D:2      | Reached XP level 2. HP: 22/24 MP: 2/2
   164 | D:2      | Reached XP level 3. HP: 15/29 MP: 3/3
   167 | D:2      | HP: 1/43 [gnoll/spear (6)]
   168 | D:2      | Slain by a gnoll

Dungeon Overview and Level Annotations

Branches:
Dungeon (2/15)

Altars:


Message History

A gnoll comes into view. It is wielding a spear.
The gnoll hits you with a spear!
Found 15 arrows of frost.
Use which ability? (? or * to list)
A red film seems to cover your vision as you go berserk!
You feel yourself moving faster!
You feel mighty!
You feel somewhat more hungry.
You slash the gnoll!
The gnoll is severely wounded.
You closely miss the gnoll. The gnoll hits you with a spear!
The gnoll closely misses you.
Unknown command.
You hit the gnoll.
You kill the gnoll!
Trog accepts your kill.
Your Axes skill increases to level 3!
You slash the gnoll!
The gnoll is severely wounded.
Unknown command.
You slash the gnoll!
You kill the gnoll!
Trog accepts your kill.
You have reached level 3!
Your experience leads to an increase in your attributes!
Your base attributes are Str 17, Int 8, Dex 12.
Increase (S)trength, (I)ntelligence, or (D)exterity?
You feel stronger.
You see here a spear.
You feel a strong urge to attack something.
The gnoll hits you with a spear.
You hit the gnoll.
The gnoll is severely wounded.
The gnoll hits you from afar with a spear.
The gnoll hits you with a spear.
Unknown command.
You slash the gnoll!
You kill the gnoll!
Trog accepts your kill.
The gnoll hits you from afar with a spear.
You die...

You could see a gnoll.

Vanquished Creatures
  3 gnolls (D:2)
  A giant cockroach (D:1)
  A kobold (D:1)
  2 bats (D:2)
  2 giant newts
  A goblin (D:1)
  2 rats (D:1)
12 creatures vanquished.

Action                   || total
-------------------------++-------
Melee: Hand axe          ||    35
Invok: Berserk           ||     1

Vault maps used:
D:1:      minmay_arrival_diagonal_passages, minmay_misc_feat_tiny,
          minmay_misc_feat_four_crosses, st_stairs_5, serial_park_tiny_1,
          minmay_misc_feat_tower
D:2:      first_bread
